 Dungeon Crawl Stone Soup version 0.18-a0-1718-g40ea4b6 (webtiles) character file.

170 MenacingMecha the Ruffian (level 5, 0/38 HPs)
             Began as a Demonspawn Gladiator on Apr 8, 2016.
             Slain by a hobgoblin
             ... wielding a +0 club
             ... led by Robin
              (3 damage)
             ... on level 3 of the Dungeon.
             The game lasted 00:08:05 (2952 turns).

MenacingMecha the Ruffian (Demonspawn Gladiator)    Turns: 2952, Time: 00:08:06

Health: 0/38       AC:  3    Str: 17    XL:     5   Next: 25%
Magic:  5/5        EV: 11    Int: 14    God:
Gold:   116        SH:  0    Dex: 18    Spells: 0 memorised, 4 levels left

rFire  + . .     SeeInvis .       - Unarmed
rCold  + . .     Gourm    .     m - +0 scale mail
rNeg   . . .     Faith    .     (no shield)
rPois  +         Spirit   .     (helmet restricted)
rElec  +         Dismiss  +     (no cloak)
rCorr  +         Reflect  .     (no gloves)
SustAt .         Harm     .     (no boots)
MR     +....                    u - amulet of dismissal
Stlth  ..........               (no ring)
                                x - +5 ring of dexterity

@: brilliant, exhausted, resistant, slowed, very slow, somewhat resistant to
hostile enchantments, extremely unstealthy
A: antennae 1, claws 1, hooves 1, deformed body, magic resistance 1, subdued
magic 1
a: no special abilities


You were on level 3 of the Dungeon.
You were hungry.

You visited 1 branch of the dungeon, and saw 3 of its levels.

You collected 116 gold pieces.

Inventory:

Hand Weapons
 a - a +0 flail
Missiles
 d - 2 throwing nets (quivered)
Armour
 b - a +0 leather armour
 c - a +0 helmet
 m - a +0 scale mail (worn)
Jewellery
 u - an amulet of dismissal (around neck)
 x - a +5 ring of dexterity (left claw)
Wands
 z - a wand of acid (6/15)
Scrolls
 h - 7 scrolls of identify {unknown}
 j - 2 scrolls of remove curse
 l - 2 scrolls of teleportation {unknown}
 p - a scroll of enchant armour {unknown}
 s - a scroll of random uselessness {unknown}
 t - 3 scrolls of blinking {unknown}
 w - a scroll of amnesia {unknown}
 y - a scroll of fear {unknown}
 B - a scroll of enchant weapon {unknown}
Potions
 o - a potion of brilliance
 v - a potion of flight {unknown}
Comestibles
 f - 3 bread rations
 g - a beef jerky
 q - 2 chunks of flesh
 A - a slice of pizza


   Skills:
 - Level 2.0 Fighting
 - Level 3.2 Maces & Flails
 - Level 1.7 Throwing
 - Level 2.6 Dodging
 + Level 4.2 Unarmed Combat


You had 4 spell levels left.
You didn't know any spells.

Dungeon Overview and Level Annotations

Branches:
Dungeon (3/15)

Altars:
Ashenzari
The Shining One

Annotations:
D:3 Robin


Innate Abilities, Weirdness & Mutations

You have a pair of small antennae on your head.
You have sharp fingernails.
You have large cloven feet.
Armour fits poorly on your strangely shaped body.
You are resistant to hostile enchantments.
Your spells are a little easier to cast, but a little less powerful.


Message History

The hobgoblin disappears!
Robin says, "My goblins will feast on your bones."
Robin throws the goblin at you! The goblin hits you.
The goblin barely misses you. The goblin hits you but does no damage.
Unknown command.
Robin throws the goblin at you! The goblin barely misses you. x3
The goblin hits you.
* * * LOW HITPOINT WARNING * * *
Robin says, "Bow before me, strongest of all the hobgoblins!"
Robin barely misses you. The goblin hits you with a dagger!
* * * LOW HITPOINT WARNING * * *
Your amulet of dismissal vibrates suddenly!
The goblin disappears!
The goblin hits you.
* * * LOW HITPOINT WARNING * * *
The goblin closely misses you. x3; Robin throws the goblin at you!
There is a large open door here.
The goblin no longer looks unusually strong.
The hobgoblin hits you with a club.
You die...

##'##.....#
#.(.#.....#
#...#.....#
#...#.....#
##'##.....##
#............
#......{.....
#..g#########
#..@#.).....#
#..g'gg.....+
#..)'.......#
#############


You could see Robin (inner flame), a hobgoblin (inner flame) and 2 goblins.

Vanquished Creatures
  Terence (D:2)
  Natasha (D:3)
  2 adders (D:2)
  2 oozes (D:1)
  2 worms (D:2)
  4 dart slugs
  2 giant geckos
  6 bats
  2 giant cockroaches
  17 goblins
  7 hobgoblins
  3 jackals (D:3)
  9 kobolds
  2 ball pythons
  5 giant newts
  A jackal skeleton (D:3)
  11 rats
77 creatures vanquished.

Notes
Turn   | Place    | Note
--------------------------------------------------------------
     0 | D:1      | MenacingMecha the Demonspawn Gladiator began the quest for the Orb.
     0 | D:1      | Reached XP level 1. HP: 16/16 MP: 1/1
   203 | D:1      | Gained mutation: You have sharp fingernails. [demonic ancestry]
   203 | D:1      | Reached XP level 2. HP: 22/22 MP: 2/2
   293 | D:1      | Reached skill level 1 in Unarmed Combat
   734 | D:1      | Gained mutation: You have large cloven feet. [demonic ancestry]
   734 | D:1      | Reached XP level 3. HP: 22/27 MP: 3/3
   972 | D:1      | Reached skill level 2 in Unarmed Combat
  1747 | D:2      | Reached XP level 4. HP: 32/33 MP: 4/4
  2148 | D:2      | Reached skill level 3 in Unarmed Combat
  2238 | D:2      | Noticed Terence
  2248 | D:2      | Killed Terence
  2457 | D:3      | Found a shattered altar of Ashenzari.
  2560 | D:3      | Found a glowing golden altar of the Shining One.
  2792 | D:3      | Noticed Natasha
  2796 | D:3      | Killed Natasha
  2796 | D:3      | Reached skill level 4 in Unarmed Combat
  2796 | D:3      | Gained mutation: You have a pair of small antennae on your head. [demonic ancestry]
  2796 | D:3      | Reached XP level 5. HP: 30/38 MP: 5/5
  2929 | D:3      | Noticed Robin
  2933 | D:3      | Gained mutation: You are resistant to hostile enchantments. [potion of mutation]
  2933 | D:3      | Gained mutation: Your spells are a little easier to cast, but a little less powerful. [potion of mutation]
  2933 | D:3      | Gained mutation: Armour fits poorly on your strangely shaped body. [potion of mutation]
  2952 | D:3      | Slain by a hobgoblin

Vault maps used:
D:1:      onia_arrival_mini_maze, serial_bayou, serial_bayou_shore_a,
          serial_bayou_pond_b, serial_bayou_lake_a, serial_bayou_pond_d,
          serial_bayou_shore_b
D:2:      first_bread, uniq_terence
D:3:      kennysheep_goblin_castle, nicolae_ashenzari_panopticon,
          marbit_many_paths, nicolae_tso_carved_into_rock, uniq_natasha

Skill      XL: |  1  2  3  4 |
---------------+-------------+-----
Maces & Flails | 3 |  3.2
Unarmed Combat | 1 2 4 |  4.2
Fighting       | |  2.0
Throwing       | |  1.7
Dodging        | |  2.6

Action                   |  1- 3 |  4- 6 || total
-------------------------+-------+-------++-------
Melee: Flail             |    16 |       ||    16
       Unarmed           |   172 |   113 ||   285
Throw: Throwing net      |       |     1 ||     1
  Use: Potion            |       |     5 ||     5
       Scroll            |       |     2 ||     2
 Stab: Held in net/web   |       |     1 ||     1
  Eat: Chunk             |     3 |     4 ||     7
